TOP OF THE 1ST |
Indianapolis Indians batting - Pitching for Jacksonville Jumbo Shrimp : LHP Luis Palacios
|
Pitching: LHP Luis Palacios
|
|
Batting: RHB Liover Peguero
|
0-0: Foul Ball, location: 23F 0-1: Ball 1-1: Fly out, F7 (Flyball, 7LM, EV 100.6 MPH)
|
Batting: RHB Andres Alvarez
|
0-0: Ball 1-0: Called Strike 1-1: Swinging Strike 1-2: Fly out, F7 (Flyball, 7, EV 90.0 MPH)
|
Batting: RHB Connor Joe
|
0-0: Called Strike 0-1: Ball 1-1: Fly out, F7 (Flyball, 7, EV 91.3 MPH)
|
Top of the 1st over - 0 runs, 0 hits, 0 errors, 0 left on base; Indianapolis 0 - Jacksonville 0 |
BOTTOM OF THE 1ST |
Jacksonville Jumbo Shrimp batting - Pitching for Indianapolis Indians : RHP Thomas Harrington
|
Pitching: RHP Thomas Harrington
|
|
Batting: LHB Jose Devers
|
0-0: Called Strike 0-1: Foul Ball, location: 2F 0-2: Ball 1-2: Fly out, F8 (Flyball, 8RXD, EV 105.6 MPH)
|
Batting: RHB Cam Eden
|
0-0: Called Strike 0-1: Ball 1-1: Foul Ball, location: 2F 1-2: Strikes out swinging
|
Batting: RHB Jerar Encarnacion
|
0-0: Called Strike 0-1: Foul Ball, location: 2F 0-2: Strikes out swinging
|
Bottom of the 1st over - 0 runs, 0 hits, 0 errors, 0 left on base; Indianapolis 0 - Jacksonville 0 |
TOP OF THE 2ND |
Indianapolis Indians batting - Pitching for Jacksonville Jumbo Shrimp : LHP Luis Palacios
|
Batting: LHB Tucupita Marcano
|
0-0: Ball 1-0: Called Strike 1-1: Ball 2-1: Foul Ball, location: 5F 2-2: Fly out, F7 (Flyball, 78S, EV 91.9 MPH)
|
Batting: RHB Ryan Vilade
|
0-0: Foul Ball, location: 5FF 0-1: Foul Ball, location: 2F 0-2: Ball 1-2: Strikes out swinging
|
Batting: LHB Cal Mitchell
|
0-0: Called Strike 0-1: Foul Ball, location: 3F 0-2: Ball 1-2: Strikes out swinging
|
Top of the 2nd over - 0 runs, 0 hits, 0 errors, 0 left on base; Indianapolis 0 - Jacksonville 0 |
BOTTOM OF THE 2ND |
Jacksonville Jumbo Shrimp batting - Pitching for Indianapolis Indians : RHP Thomas Harrington
|
Batting: LHB Joe Rizzo
|
0-0: SINGLE (Groundball, 4MD, EV 98.8 MPH)
|
Batting: RHB C.J. Hinojosa
|
0-0: Ball 1-0: Ball 2-0: Grounds into double play, 4-6-3 (Groundball, 4, EV 83.1 MPH)
|
Batting: RHB Alex De Goti
|
0-0: Called Strike 0-1: Fly out, F4 (Line Drive, 4MD, EV 63.8 MPH)
|
Bottom of the 2nd over - 0 runs, 1 hit, 0 errors, 0 left on base; Indianapolis 0 - Jacksonville 0 |
TOP OF THE 3RD |
Indianapolis Indians batting - Pitching for Jacksonville Jumbo Shrimp : LHP Luis Palacios
|
Batting: SHB Tyler Heineman
|
0-0: Called Strike 0-1: Called Strike 0-2: Ground out 4-3 (Groundball, 4, EV 100.6 MPH)
|
Batting: LHB Travis Swaggerty
|
0-0: Ball 1-0: Ball 2-0: Ball 3-0: Called Strike 3-1: SINGLE (Groundball, 56D, EV 105.6 MPH)
|
Batting: RHB Lonnie White Jr.
|
0-0: Swinging Strike 0-1: Ball 1-1: Called Strike 1-2: Strikes out swinging
|
Batting: RHB Liover Peguero
|
0-0: Ball Wild Pitch! Travis Swaggerty to second 1-0: Ball 2-0: Called Strike 2-1: DOUBLE (Line Drive, 89XD, EV 96.3 MPH) Travis Swaggerty scores
|
Batting: RHB Andres Alvarez
|
0-0: Called Strike 0-1: Called Strike 0-2: Ball 1-2: Ground out 6-3 (Groundball, 6, EV 102.5 MPH)
|
Top of the 3rd over - 1 run, 2 hits, 0 errors, 1 left on base; Indianapolis 1 - Jacksonville 0 |
BOTTOM OF THE 3RD |
Jacksonville Jumbo Shrimp batting - Pitching for Indianapolis Indians : RHP Thomas Harrington
|
Batting: SHB Xavier Edwards
|
0-0: Ball 1-0: Ball 2-0: Foul Ball, location: 5SF 2-1: Ground out 5-3 (Groundball, 56, EV 88.8 MPH)
|
Batting: RHB Osiris Johnson
|
0-0: Foul Ball, location: 9LMF 0-1: Ball 1-1: Ball 2-1: Foul Ball, location: 2F 2-2: Strikes out swinging
|
Batting: LHB Jordan Procyshen
|
0-0: Ball 1-0: Ball 2-0: SOLO HOME RUN (Flyball, 8LXD, EV 112.5 MPH), Distance : 444 ft
|
Batting: LHB Jose Devers
|
0-0: Ground out 5-3 (Groundball, 56, EV 96.3 MPH)
|
Bottom of the 3rd over - 1 run, 1 hit, 0 errors, 0 left on base; Indianapolis 1 - Jacksonville 1 |
TOP OF THE 4TH |
Indianapolis Indians batting - Pitching for Jacksonville Jumbo Shrimp : LHP Luis Palacios
|
Batting: RHB Connor Joe
|
0-0: Foul Ball, location: 2LF 0-1: Foul Ball, location: 23FF 0-2: Ball 1-2: Strikes out swinging
|
Batting: LHB Tucupita Marcano
|
0-0: Fly out, F6 (Popup, 6M, EV 66.9 MPH)
|
Batting: RHB Ryan Vilade
|
0-0: Ball 1-0: Called Strike 1-1: Ball 2-1: Fly out, F8 (Flyball, 8LD, EV 105.0 MPH)
|
Top of the 4th over - 0 runs, 0 hits, 0 errors, 0 left on base; Indianapolis 1 - Jacksonville 1 |
BOTTOM OF THE 4TH |
Jacksonville Jumbo Shrimp batting - Pitching for Indianapolis Indians : RHP Thomas Harrington
|
Batting: RHB Cam Eden
|
0-0: Ball 1-0: Ball 2-0: Ball 3-0: Called Strike 3-1: Foul Ball, location: 23FF 3-2: Base on Balls
|
Batting: RHB Jerar Encarnacion
|
0-0: Called Strike 0-1: Foul Ball, location: 2LF 0-2: Ball 1-2: Ball 2-2: Strikes out swinging
|
Batting: LHB Joe Rizzo
|
0-0: Called Strike Cam Eden steals 2nd base 0-1: Swinging Strike 0-2: SINGLE (Line Drive, 78S, EV 103.8 MPH) Cam Eden to third Runner from 3rd tries for Home, SAFE, throw by LF to home
|
Batting: RHB C.J. Hinojosa
|
0-0: Ball 1-0: SINGLE (Line Drive, 4MD, EV 106.9 MPH) Joe Rizzo to second
|
Batting: RHB Alex De Goti
|
0-0: Ball 1-0: Ball 2-0: Swinging Strike 2-1: Called Strike 2-2: Strikes out swinging
|
Batting: SHB Xavier Edwards
|
0-0: Ball 1-0: Called Strike 1-1: Foul Ball, location: 23FF 1-2: Ball 2-2: Ball 3-2: Foul Ball, location: 7LSF 3-2: Ground out 4-3 (Groundball, 4, EV 85.0 MPH)
|
Bottom of the 4th over - 1 run, 2 hits, 0 errors, 2 left on base; Indianapolis 1 - Jacksonville 2 |
TOP OF THE 5TH |
Indianapolis Indians batting - Pitching for Jacksonville Jumbo Shrimp : LHP Luis Palacios
|
Batting: LHB Cal Mitchell
|
0-0: Ball 1-0: Ball 2-0: Called Strike 2-1: Fly out, F7 (Flyball, 7LS, EV 92.5 MPH)
|
Batting: SHB Tyler Heineman
|
0-0: Called Strike 0-1: Called Strike 0-2: Strikes out swinging
|
Batting: LHB Travis Swaggerty
|
0-0: Ball 1-0: Ball 2-0: Foul Ball, location: 2F 2-1: Ball 3-1: Foul Ball, location: 2F 3-2: SINGLE (Line Drive, 6MD, EV 95.6 MPH)
|
Batting: RHB Lonnie White Jr.
|
0-0: Ball 1-0: Fly out, F7 (Flyball, 78M, EV 85.6 MPH)
|
Top of the 5th over - 0 runs, 1 hit, 0 errors, 1 left on base; Indianapolis 1 - Jacksonville 2 |
BOTTOM OF THE 5TH |
Jacksonville Jumbo Shrimp batting - Pitching for Indianapolis Indians : RHP Thomas Harrington
|
Batting: RHB Osiris Johnson
|
0-0: Ball 1-0: Called Strike 1-1: Ball 2-1: Ball 3-1: Foul Ball, location: 7LMF 3-2: Foul Ball, location: 23FF 3-2: Base on Balls
|
Batting: LHB Jordan Procyshen
|
0-0: Bunted foul 0-1: Bunt missed! 0-2: Ball 1-2: Foul Ball, location: 5FF 1-2: Fly out, F7 (Flyball, 7S, EV 85.6 MPH)
|
Batting: LHB Jose Devers
|
0-0: Ball 1-0: Called Strike 1-1: Ball Wild Pitch! Osiris Johnson to second 2-1: Ground out U3 (Groundball, 3L, EV 97.5 MPH) Osiris Johnson to third
|
Batting: RHB Cam Eden
|
0-0: Foul Ball, location: 9LMF 0-1: Foul Ball, location: 3F 0-2: Foul Ball, location: 2F 0-2: Ball 1-2: Foul Ball, location: 9LSF 1-2: Fly out, F9 (Flyball, 9LM, EV 92.5 MPH)
|
Bottom of the 5th over - 0 runs, 0 hits, 0 errors, 1 left on base; Indianapolis 1 - Jacksonville 2 |
TOP OF THE 6TH |
Indianapolis Indians batting - Pitching for Jacksonville Jumbo Shrimp : LHP Luis Palacios
|
Batting: RHB Liover Peguero
|
0-0: Ground out U3 (Groundball, 34, EV 91.3 MPH)
|
Batting: RHB Andres Alvarez
|
0-0: Ball 1-0: Ball 2-0: Foul Ball, location: 2F 2-1: Swinging Strike 2-2: Ball 3-2: SINGLE (Groundball, 4MD, EV 97.5 MPH)
|
Batting: RHB Connor Joe
|
0-0: Ball 1-0: Ball 2-0: Fly out, F3 (Popup, 34, EV 66.9 MPH)
|
Batting: LHB Tucupita Marcano
|
0-0: Foul Ball, location: 25F 0-1: Ball 1-1: Ball 2-1: Foul Ball, location: 7LMF 2-2: Ball 3-2: Ground out 5-3 (Groundball, 5, EV 90.6 MPH)
|
Top of the 6th over - 0 runs, 1 hit, 0 errors, 1 left on base; Indianapolis 1 - Jacksonville 2 |
BOTTOM OF THE 6TH |
Jacksonville Jumbo Shrimp batting - Pitching for Indianapolis Indians : RHP Thomas Harrington
|
Batting: RHB Jerar Encarnacion
|
0-0: Ball 1-0: Ball 2-0: Fly out, F7 (Flyball, 7, EV 90.6 MPH)
|
Batting: LHB Joe Rizzo
|
0-0: Ball 1-0: Swinging Strike 1-1: Foul Ball, location: 7LDF 1-2: Strikes out swinging
|
Batting: RHB C.J. Hinojosa
|
0-0: Ball 1-0: Swinging Strike 1-1: Called Strike 1-2: Ball 2-2: Ground out 6-3 (Groundball, 6, EV 102.5 MPH)
|
Bottom of the 6th over - 0 runs, 0 hits, 0 errors, 0 left on base; Indianapolis 1 - Jacksonville 2 |
TOP OF THE 7TH |
Indianapolis Indians batting - Pitching for Jacksonville Jumbo Shrimp : LHP Luis Palacios
|
Batting: RHB Ryan Vilade
|
0-0: Called Strike 0-1: Called Strike 0-2: Ball 1-2: Strikes out swinging
|
Pinch Hitting: RHB Jacob Gonzalez
|
0-0: Ball 1-0: Swinging Strike 1-1: Foul Ball, location: 9LMF 1-2: Ball 2-2: Strikes out looking
|
Batting: SHB Tyler Heineman
|
0-0: Ball 1-0: Ball 2-0: Foul Ball, location: 2F 2-1: Called Strike 2-2: Ground out 6-3 (Groundball, 6, EV 109.4 MPH)
|
Top of the 7th over - 0 runs, 0 hits, 0 errors, 0 left on base; Indianapolis 1 - Jacksonville 2 |
BOTTOM OF THE 7TH |
Jacksonville Jumbo Shrimp batting - Pitching for Indianapolis Indians : RHP Thomas Harrington
|
Now at 1B: Jacob Gonzalez
|
|
Now in LF: Ryan Vilade
|
|
Batting: RHB Alex De Goti
|
0-0: Ball 1-0: Ball 2-0: Called Strike 2-1: Foul Ball, location: 7LMF 2-2: Ground out U3 (Groundball, 34, EV 85.6 MPH)
|
Batting: SHB Xavier Edwards
|
0-0: Foul Ball, location: 25FF 0-1: Ball 1-1: Ground out 1-3 (Groundball, 25, EV 66.9 MPH)
|
Batting: RHB Osiris Johnson
|
0-0: Foul Ball, location: 2F 0-1: Fly out, F5 (Popup, 5S, EV 72.5 MPH)
|
Bottom of the 7th over - 0 runs, 0 hits, 0 errors, 0 left on base; Indianapolis 1 - Jacksonville 2 |
TOP OF THE 8TH |
Indianapolis Indians batting - Pitching for Jacksonville Jumbo Shrimp : LHP Luis Palacios
|
Batting: LHB Travis Swaggerty
|
0-0: Ball 1-0: Foul Ball, location: 23FF 1-1: Foul Ball, location: 23FF 1-2: Ball 2-2: SINGLE (Line Drive, 7S, EV 94.4 MPH)
|
Batting: RHB Lonnie White Jr.
|
0-0: Ball 1-0: Ball 2-0: Ball 3-0: Base on Balls Travis Swaggerty to second
|
Pitching: RHP Anthony Maldonado
|
|
Batting: RHB Liover Peguero
|
0-0: Ball 1-0: Called Strike 1-1: Fly out, F9 (Line Drive, 89M, EV 96.3 MPH)
|
Pinch Hitting: LHB Canaan Smith-Njigba
|
0-0: Ball 1-0: Foul Ball, location: 7LDF 1-1: Called Strike 1-2: Strikes out swinging
|
Batting: RHB Connor Joe
|
0-0: Ball 1-0: Swinging Strike 1-1: Ball 2-1: Foul Ball, location: 2F 2-2: Strikes out swinging
|
Top of the 8th over - 0 runs, 1 hit, 0 errors, 2 left on base; Indianapolis 1 - Jacksonville 2 |
BOTTOM OF THE 8TH |
Jacksonville Jumbo Shrimp batting - Pitching for Indianapolis Indians : RHP Thomas Harrington
|
Pitching: RHP J.C. Flowers
|
|
Now at 3B: Ryan Vilade
|
|
Now in LF: Canaan Smith-Njigba
|
|
Batting: LHB Jordan Procyshen
|
0-0: Foul Ball, location: 5F 0-1: Ball 1-1: Foul Ball, location: 5F 1-2: Foul Ball, location: 5FF 1-2: Foul Ball, location: 5SF 1-2: Ball 2-2: Ball 3-2: Base on Balls
|
Batting: LHB Jose Devers
|
0-0: Ball 1-0: Ball 2-0: Foul Ball, location: 2F 2-1: Ball 3-1: Fielders Choice at 2nd, 4-6 (Groundball, 4M, EV 80.0 MPH)
|
Batting: RHB Cam Eden
|
0-0: Ball 1-0: SINGLE (Groundball, 5, EV 71.3 MPH) (infield hit) Jose Devers to second
|
Batting: RHB Jerar Encarnacion
|
0-0: Ball 1-0: Called Strike 1-1: Ball 2-1: Ball 3-1: 3-RUN HOME RUN (Flyball, 89XD, EV 108.8 MPH), Distance : 425 ft
|
Pitching: RHP Michel Otanez
|
|
Batting: LHB Joe Rizzo
|
0-0: Ball 1-0: Swinging Strike 1-1: Foul Ball, location: 2LF 1-2: Foul Ball, location: 7LMF 1-2: Foul Ball, location: 3FF 1-2: Strikes out looking
|
Batting: RHB C.J. Hinojosa
|
0-0: Foul Ball, location: 9LDF 0-1: SINGLE (Line Drive, 8LS, EV 93.8 MPH)
|
Batting: RHB Alex De Goti
|
0-0: Ball 1-0: Ball 2-0: Swinging Strike 2-1: Ball 3-1: Base on Balls C.J. Hinojosa to second
|
Batting: SHB Xavier Edwards
|
0-0: Called Strike 0-1: Ball 1-1: Called Strike 1-2: Ball 2-2: Ground out 4-3 (Groundball, 4, EV 87.5 MPH)
|
Bottom of the 8th over - 3 runs, 3 hits, 0 errors, 2 left on base; Indianapolis 1 - Jacksonville 5 |
TOP OF THE 9TH |
Indianapolis Indians batting - Pitching for Jacksonville Jumbo Shrimp : RHP Anthony Maldonado
|
Batting: LHB Tucupita Marcano
|
0-0: Called Strike 0-1: Ball 1-1: Ground out 3-1 (Groundball, 34, EV 106.9 MPH)
|
Batting: RHB Ryan Vilade
|
0-0: Foul Ball, location: 5F 0-1: SINGLE (Groundball, 6MS, EV 63.8 MPH) (infield hit)
|
Batting: RHB Jacob Gonzalez
|
0-0: Ball 1-0: SINGLE (Groundball, 4MD, EV 110.0 MPH) Ryan Vilade to second
|
Pitching: LHP Andrew Nardi
|
|
Batting: SHB Tyler Heineman
|
0-0: Ball 1-0: Foul Ball, location: 2F 1-1: SINGLE (Groundball, 4MD, EV 103.8 MPH) Ryan Vilade to third Jacob Gonzalez to second
|
Pinch Hitting: SHB Domingo Leyba
|
0-0: Ball 1-0: Swinging Strike 1-1: Ball 2-1: Called Strike 2-2: Strikes out swinging
|
Pinch Hitting: RHB Lolo Sanchez
|
0-0: Called Strike 0-1: Called Strike 0-2: Strikes out swinging
|
Top of the 9th over - 0 runs, 3 hits, 0 errors, 3 left on base; Indianapolis 1 - Jacksonville 5 |
|